General information
- name: BNet
- type: Ladder team game (AT/RT)
- host: Battle.net
- saver: PinkCigarette
map: GoldRush
- players: 8
- length: 44:07
- speed: Fast
- version: 1.26 W3XP
- replay type: Public
» download(272 KB)
Players
team 1 (winner)

»
AnsO (
blue | 58 APM | 1306 actions | 22:41)
4 Mountain King
2 Storm Bolt
2 Bash
1 Paladin
1 Holy Light
» actions
| Basic commands | 8 | |
| Build / train | 70 | |
| Enter build submenu | 30 | |
| Enter hero's abilities submenu | 5 | |
| Give item / drop item | 1 | |
| Remove unit from queue | 1 | |
| Right click | 809 | |
| Select / deselect | 337 | |
| Use ability | 45 | |
1306 total
» units
| Peasant | 27 | |
| Footman | 5 | |
| Priest | 2 | |
| Knight | 2 | |
| Spell Breaker | 2 | |
| Forest Troll Shadow Priest | 1 | |
| Mud Golem | 1 | |
40 total
» upgrades
| Masonry | 3 | |
| Lumber Harvesting | 2 | |
| Swords | 2 | |
| Magic Sentry | 1 | |
| Priest Training | 1 | |
| Plating | 1 | |
| Control Magic | 1 | |
| Gunpowder | 1 | |
12 total
» buildings
| Altar of Kings | 1 | |
| Farm | 8 | |
| Lumber Mill | 1 | |
| Barracks | 2 | |
| Scout Tower | 10 | |
| Guard Tower | 4 | |
| Arcane Tower | 3 | |
| Keep | 1 | |
| Town Hall | 2 | |
| Blacksmith | 1 | |
| Arcane Sanctum | 1 | |
| Castle | 1 | |
| Arcane Vault | 1 | |
| Workshop | 1 | |
37 total
» build order
00:18 Altar of Kings
00:23 Farm
00:30 Lumber Mill
00:45 Barracks
01:06 Farm
01:49 Scout Tower
02:05 Farm
02:27 Guard Tower
02:35 Scout Tower
02:44 Farm
03:02 Arcane Tower
03:25 Farm
04:36 Keep
04:52 Town Hall
05:09 Farm
05:16 Scout Tower
05:46 Arcane Tower
06:02 Farm
06:36 Blacksmith
06:44 Scout Tower
07:21 Guard Tower
07:28 Arcane Sanctum
08:14 Farm
09:05 Castle
09:14 Barracks
09:39 Scout Tower
10:25 Scout Tower
10:58 Guard Tower
11:05 Scout Tower
11:45 Arcane Tower
12:08 Scout Tower
12:12 Scout Tower
12:29 Arcane Vault
12:46 Guard Tower
14:22 Town Hall
15:49 Scout Tower
16:50 Guard Tower
16:53 Workshop
» items

»
a65768764354357 (
orange | 45 APM | 1972 actions | 44:07)
4 Blademaster
1 Wind Walk
1 Critical Strike
2 Mirror Image
» actions
| Assign group hotkey | 14 | |
| Basic commands | 56 | |
| Build / train | 55 | |
| ESC pressed | 1 | |
| Enter build submenu | 29 | |
| Enter hero's abilities submenu | 5 | |
| Remove unit from queue | 2 | |
| Right click | 660 | |
| Select / deselect | 270 | |
| Select group hotkey | 815 | |
| Use ability | 65 | |
1972 total
» units
» upgrades
| Melee Weapons | 1 | |
| Armor | 5 | |
| Ranged Weapons | 3 | |
| Envenomed Spears | 1 | |
| Reinforced Defenses | 2 | |
| Ensnare | 1 | |
13 total
» buildings
| Orc Burrow | 11 | |
| Altar of Storms | 1 | |
| Voodoo Lounge | 1 | |
| War Mill | 1 | |
| Watch Tower | 11 | |
| Stronghold | 1 | |
| Great Hall | 1 | |
| Beastiary | 2 | |
| Fortress | 1 | |
30 total
» build order
00:07 Orc Burrow
00:08 Altar of Storms
00:53 Voodoo Lounge
01:33 Orc Burrow
02:13 War Mill
03:00 Orc Burrow
03:26 Watch Tower
03:27 Watch Tower
03:41 Stronghold
05:06 Orc Burrow
05:29 Orc Burrow
05:50 Great Hall
06:06 Beastiary
06:09 Beastiary
06:17 Watch Tower
06:18 Watch Tower
06:18 Watch Tower
06:19 Watch Tower
07:00 Fortress
08:48 Watch Tower
08:49 Watch Tower
12:56 Watch Tower
14:34 Watch Tower
14:36 Watch Tower
14:43 Orc Burrow
14:46 Orc Burrow
21:35 Orc Burrow
21:37 Orc Burrow
21:38 Orc Burrow
22:31 Orc Burrow
» items
| Lesser Clarity Potion | 1 | |
| Healing Salve | 1 | |
| Boots of Speed | 1 | |
| Orb of Lightning | 1 | |
| Scroll of Town Portal | 1 | |
5 total
verizon-sux. (
red | 68 APM | 2984 actions | 44:07)
6 Mountain King
3 Storm Bolt
2 Bash
1 Avatar
» actions
| Assign group hotkey | 43 | |
| Basic commands | 54 | |
| Build / train | 111 | |
| Enter build submenu | 27 | |
| Enter hero's abilities submenu | 6 | |
| Give item / drop item | 3 | |
| Remove unit from queue | 1 | |
| Right click | 1143 | |
| Select / deselect | 320 | |
| Select group hotkey | 1164 | |
| Use ability | 112 | |
2984 total
» units
| Peasant | 19 | |
| Footman | 5 | |
| Forest Troll Shadow Priest | 1 | |
| Gryphon Rider | 6 | |
| Siege Engine | 6 | |
37 total
» upgrades
| Masonry | 3 | |
| Lumber Harvesting | 2 | |
| Animal War Training | 1 | |
| Swords | 1 | |
| Armor | 1 | |
| Gunpowder | 2 | |
| Plating | 2 | |
| Barrage | 1 | |
| Storm Hammers | 1 | |
14 total
» buildings
| Altar of Kings | 1 | |
| Barracks | 1 | |
| Farm | 14 | |
| Scout Tower | 53 | |
| Arcane Tower | 2 | |
| Lumber Mill | 1 | |
| Town Hall | 1 | |
| Arcane Vault | 1 | |
| Guard Tower | 31 | |
| Keep | 1 | |
| Blacksmith | 1 | |
| Castle | 1 | |
| Gryphon Aviary | 2 | |
| Workshop | 2 | |
112 total
» build order
00:08 Altar of Kings
00:16 Barracks
00:36 Farm
00:52 Farm
01:33 Scout Tower
01:39 Farm
02:01 Arcane Tower
02:38 Lumber Mill
04:00 Town Hall
04:02 Scout Tower
04:02 Scout Tower
04:23 Arcane Vault
04:41 Arcane Tower
04:43 Guard Tower
05:47 Keep
05:55 Scout Tower
05:56 Scout Tower
05:57 Scout Tower
05:59 Scout Tower
06:00 Scout Tower
06:02 Scout Tower
06:34 Guard Tower
07:12 Guard Tower
07:17 Blacksmith
07:39 Guard Tower
08:28 Castle
08:52 Gryphon Aviary
08:56 Gryphon Aviary
09:13 Farm
09:14 Farm
09:15 Farm
09:15 Farm
09:16 Farm
09:52 Guard Tower
10:25 Scout Tower
10:25 Scout Tower
10:26 Scout Tower
10:27 Scout Tower
10:28 Scout Tower
10:28 Scout Tower
11:23 Guard Tower
11:57 Guard Tower
12:02 Farm
12:03 Farm
12:13 Guard Tower
12:13 Guard Tower
12:51 Scout Tower
12:52 Scout Tower
12:54 Scout Tower
12:56 Scout Tower
14:16 Guard Tower
14:36 Workshop
14:39 Workshop
15:05 Scout Tower
15:05 Scout Tower
17:27 Guard Tower
17:27 Guard Tower
18:05 Scout Tower
18:06 Scout Tower
18:06 Scout Tower
18:15 Scout Tower
18:16 Scout Tower
18:16 Scout Tower
18:16 Scout Tower
18:36 Scout Tower
18:36 Scout Tower
18:37 Scout Tower
18:37 Scout Tower
18:37 Scout Tower
18:37 Scout Tower
18:38 Scout Tower
18:39 Scout Tower
18:40 Scout Tower
18:40 Scout Tower
18:48 Guard Tower
18:48 Guard Tower
19:29 Guard Tower
19:30 Guard Tower
19:54 Guard Tower
20:22 Guard Tower
20:22 Guard Tower
20:26 Farm
20:26 Farm
20:27 Farm
20:27 Farm
20:29 Scout Tower
20:29 Scout Tower
21:40 Guard Tower
21:40 Guard Tower
21:48 Scout Tower
21:48 Scout Tower
21:49 Scout Tower
21:49 Scout Tower
22:26 Guard Tower
22:29 Scout Tower
22:29 Scout Tower
22:30 Scout Tower
22:30 Scout Tower
22:30 Scout Tower
22:31 Scout Tower
23:13 Guard Tower
23:42 Guard Tower
23:42 Guard Tower
» items
| Scroll of Regeneration | 5 | |
| Staff of Teleportation | 1 | |
| Ivory Tower | 2 | |
| Scroll of Town Portal | 3 | |
| Staff of Sanctuary | 1 | |
| Potion of Mana | 1 | |
13 total

»
L337er (
green | 46 APM | 1379 actions | 29:49)
5 Blademaster
2 Wind Walk
3 Critical Strike
2 Shadow Hunter
1 Hex
1 Healing Wave
» actions
| Basic commands | 59 | |
| Build / train | 83 | |
| Enter build submenu | 24 | |
| Enter hero's abilities submenu | 7 | |
| Give item / drop item | 1 | |
| Right click | 566 | |
| Select / deselect | 562 | |
| Use ability | 77 | |
1379 total
» units
| Peon | 27 | |
| Grunt | 12 | |
| Troll Batrider | 15 | |
54 total
» upgrades
| Armor | 2 | |
| Melee Weapons | 2 | |
| Ranged Weapons | 2 | |
| Berserker Strength | 1 | |
7 total
» buildings
| Altar of Storms | 1 | |
| Orc Burrow | 9 | |
| Voodoo Lounge | 2 | |
| Barracks | 1 | |
| War Mill | 1 | |
| Great Hall | 1 | |
| Watch Tower | 5 | |
| Stronghold | 1 | |
| Fortress | 1 | |
| Beastiary | 2 | |
24 total
» build order
00:12 Altar of Storms
00:24 Orc Burrow
00:33 Voodoo Lounge
01:35 Barracks
01:50 Orc Burrow
02:12 War Mill
04:16 Great Hall
04:27 Watch Tower
04:40 Watch Tower
05:03 Watch Tower
05:20 Orc Burrow
05:37 Voodoo Lounge
05:49 Watch Tower
06:14 Watch Tower
07:41 Stronghold
07:48 Orc Burrow
07:49 Orc Burrow
11:57 Fortress
12:49 Beastiary
12:52 Beastiary
17:10 Orc Burrow
17:10 Orc Burrow
17:13 Orc Burrow
17:14 Orc Burrow
» items
| Healing Salve | 4 | |
| Lesser Clarity Potion | 1 | |
| Scroll of Speed | 1 | |
| Potion of Healing | 3 | |
| Orb of Fire | 1 | |
| Potion of Lesser Invulnerability | 1 | |
11 total
team 2 (loser)

»
GLenchErviN (
purple | 57 APM | 2533 actions | 44:07)
5 Tauren Chieftain
2 Shockwave
3 Endurance Aura
3 Shadow Hunter
2 Healing Wave
1 Hex
» actions
| Assign group hotkey | 38 | |
| Basic commands | 28 | |
| Build / train | 70 | |
| ESC pressed | 4 | |
| Enter build submenu | 30 | |
| Enter hero's abilities submenu | 9 | |
| Give item / drop item | 3 | |
| Right click | 946 | |
| Select / deselect | 428 | |
| Select group hotkey | 885 | |
| Use ability | 92 | |
2533 total
» units
| Peon | 20 | |
| Grunt | 8 | |
| Forest Troll Shadow Priest | 1 | |
| Tauren | 2 | |
| Shaman | 2 | |
| Troll Witch Doctor | 1 | |
| Troll Batrider | 4 | |
38 total
» upgrades
| Melee Weapons | 2 | |
| Armor | 1 | |
| Berserker Strength | 1 | |
| Shaman Training | 2 | |
| Witch Doctor Training | 2 | |
| Spirit Walker Training | 1 | |
9 total
» buildings
| Orc Burrow | 15 | |
| Altar of Storms | 1 | |
| Barracks | 1 | |
| Voodoo Lounge | 1 | |
| War Mill | 1 | |
| Stronghold | 2 | |
| Great Hall | 3 | |
| Fortress | 2 | |
| Spirit Lodge | 2 | |
| Tauren Totem | 1 | |
| Beastiary | 1 | |
30 total
» build order
00:17 Orc Burrow
00:23 Altar of Storms
00:34 Barracks
01:40 Orc Burrow
02:04 Voodoo Lounge
02:49 Orc Burrow
03:14 War Mill
04:27 Stronghold
04:41 Orc Burrow
05:59 Great Hall
07:31 Orc Burrow
08:06 Fortress
09:39 Spirit Lodge
09:52 Spirit Lodge
10:35 Tauren Totem
12:12 Orc Burrow
13:29 Beastiary
14:54 Orc Burrow
17:34 Orc Burrow
19:12 Great Hall
22:02 Orc Burrow
22:58 Orc Burrow
26:28 Great Hall
28:48 Orc Burrow
28:55 Orc Burrow
29:17 Orc Burrow
34:48 Orc Burrow
34:52 Orc Burrow
» items
| Healing Salve | 1 | |
| Orb of Lightning | 1 | |
| Scroll of Town Portal | 2 | |
| Lesser Clarity Potion | 1 | |
| Potion of Mana | 1 | |
6 total

»
Randomizedfool (
teal | 28 APM | 921 actions | 33:26)
5 Blademaster
3 Wind Walk
1 Mirror Image
1 Critical Strike
» actions
| Basic commands | 10 | |
| Build / train | 68 | |
| Enter build submenu | 18 | |
| Enter hero's abilities submenu | 5 | |
| Give item / drop item | 3 | |
| Right click | 410 | |
| Select / deselect | 348 | |
| Use ability | 59 | |
921 total
» units
| Peon | 14 | |
| Grunt | 5 | |
| Troll Batrider | 10 | |
| Wind Rider | 8 | |
| Demolisher | 9 | |
46 total
» upgrades
| Ranged Weapons | 3 | |
| Liquid Fire | 1 | |
| Envenomed Spears | 1 | |
| Armor | 3 | |
| Burning Oil | 1 | |
9 total
» buildings
| Altar of Storms | 1 | |
| Orc Burrow | 8 | |
| Barracks | 2 | |
| Voodoo Lounge | 1 | |
| Stronghold | 1 | |
| War Mill | 1 | |
| Fortress | 1 | |
| Beastiary | 2 | |
| Great Hall | 3 | |
20 total
» build order
00:11 Altar of Storms
00:13 Orc Burrow
00:37 Barracks
01:27 Orc Burrow
02:24 Voodoo Lounge
03:59 Orc Burrow
04:00 Stronghold
04:35 War Mill
06:35 Fortress
06:39 Beastiary
06:45 Beastiary
09:22 Orc Burrow
10:42 Orc Burrow
14:30 Great Hall
15:14 Orc Burrow
17:36 Great Hall
26:39 Barracks
27:17 Orc Burrow
27:19 Orc Burrow
28:34 Great Hall
» items
| Lesser Clarity Potion | 1 | |
| Healing Salve | 1 | |
| Scroll of Speed | 1 | |
| Tiny Great Hall | 1 | |
| Scroll of Town Portal | 1 | |
5 total
PinkCigarette (
pink | 75 APM | 3331 actions | 44:07)
5 Blood Mage
3 Flame Strike
2 Siphon Mana
1 Paladin
1 Divine Shield
» actions
| Assign group hotkey | 94 | |
| Basic commands | 358 | |
| Build / train | 110 | |
| Enter build submenu | 77 | |
| Enter hero's abilities submenu | 6 | |
| Give item / drop item | 7 | |
| Right click | 1192 | |
| Select / deselect | 485 | |
| Select group hotkey | 834 | |
| Use ability | 168 | |
3331 total
» units
| Peasant | 33 | |
| Footman | 5 | |
| Sorceress | 3 | |
| Gryphon Rider | 2 | |
43 total
» upgrades
| Lumber Harvesting | 2 | |
| Sorceress Training | 1 | |
| Masonry | 3 | |
| Swords | 3 | |
| Armor | 3 | |
| Animal War Training | 1 | |
| Storm Hammers | 1 | |
| Magic Sentry | 1 | |
15 total
» buildings
| Altar of Kings | 1 | |
| Barracks | 1 | |
| Farm | 11 | |
| Town Hall | 3 | |
| Arcane Vault | 6 | |
| Lumber Mill | 2 | |
| Keep | 1 | |
| Scout Tower | 35 | |
| Guard Tower | 14 | |
| Arcane Sanctum | 3 | |
| Castle | 1 | |
| Blacksmith | 2 | |
| Arcane Tower | 2 | |
| Gryphon Aviary | 15 | |
97 total
» build order
00:49 Altar of Kings
00:50 Barracks
00:53 Farm
01:06 Farm
01:06 Farm
01:44 Farm
03:39 Town Hall
03:44 Arcane Vault
03:48 Lumber Mill
05:37 Keep
05:40 Town Hall
05:59 Scout Tower
05:59 Scout Tower
06:00 Scout Tower
06:04 Scout Tower
06:06 Scout Tower
06:09 Scout Tower
06:11 Scout Tower
07:20 Guard Tower
08:09 Town Hall
08:16 Arcane Sanctum
08:18 Arcane Sanctum
08:21 Arcane Sanctum
08:31 Scout Tower
08:33 Scout Tower
08:33 Scout Tower
08:36 Scout Tower
08:40 Scout Tower
08:43 Scout Tower
09:20 Lumber Mill
09:31 Castle
10:25 Guard Tower
10:42 Blacksmith
10:43 Blacksmith
12:16 Scout Tower
12:17 Scout Tower
12:17 Scout Tower
12:17 Scout Tower
12:18 Scout Tower
12:18 Scout Tower
12:20 Scout Tower
12:22 Scout Tower
12:23 Scout Tower
12:23 Scout Tower
12:24 Scout Tower
12:25 Scout Tower
12:27 Scout Tower
12:29 Scout Tower
14:27 Arcane Tower
14:29 Guard Tower
14:31 Arcane Tower
17:15 Scout Tower
17:15 Scout Tower
17:16 Scout Tower
17:17 Scout Tower
17:17 Scout Tower
17:21 Scout Tower
17:23 Scout Tower
17:45 Guard Tower
17:47 Guard Tower
17:48 Guard Tower
17:49 Guard Tower
17:49 Guard Tower
17:50 Guard Tower
17:50 Guard Tower
17:50 Guard Tower
20:00 Guard Tower
20:07 Gryphon Aviary
20:08 Gryphon Aviary
20:11 Gryphon Aviary
20:14 Gryphon Aviary
20:17 Gryphon Aviary
20:17 Gryphon Aviary
20:31 Gryphon Aviary
20:39 Gryphon Aviary
20:39 Gryphon Aviary
21:49 Gryphon Aviary
21:50 Gryphon Aviary
21:53 Gryphon Aviary
21:53 Gryphon Aviary
21:56 Gryphon Aviary
21:57 Gryphon Aviary
24:37 Farm
24:37 Farm
24:40 Farm
24:40 Farm
24:51 Farm
24:52 Farm
24:52 Farm
26:55 Arcane Vault
26:56 Arcane Vault
26:57 Arcane Vault
26:58 Arcane Vault
26:59 Arcane Vault
» items
| Healing Salve | 1 | |
| Boots of Speed | 2 | |
| Staff of Teleportation | 1 | |
| Potion of Invisibility | 1 | |
| Scroll of Regeneration | 2 | |
| Potion of Mana | 3 | |
| Lesser Clarity Potion | 2 | |
| Potion of Healing | 4 | |
| Scroll of Town Portal | 7 | |
| Periapt of Vitality | 2 | |
| Potion of Lesser Invulnerability | 1 | |
26 total

»
NickyV (
yellow | 73 APM | 2410 actions | 33:14)
6 Demon Hunter
2 Immolation
3 Evasion
1 Metamorphosis
5 Priestess of the Moon
3 Trueshot Aura
2 Searing Arrows
» actions
| Assign group hotkey | 17 | |
| Basic commands | 26 | |
| Build / train | 149 | |
| ESC pressed | 9 | |
| Enter build submenu | 30 | |
| Enter hero's abilities submenu | 11 | |
| Give item / drop item | 3 | |
| Right click | 845 | |
| Select / deselect | 296 | |
| Select group hotkey | 904 | |
| Use ability | 119 | |
2410 total
» units
| Wisp | 61 | |
| Chimaera | 9 | |
| Hippogryph | 18 | |
88 total
» upgrades
| Strength of the Wild | 3 | |
| Reinforced Hides | 3 | |
| Corrosive Breath | 1 | |
| Well Spring | 1 | |
| Ultravision | 1 | |
9 total
» buildings
| Altar of Elders | 1 | |
| Moon Well | 8 | |
| Tree of Ages | 3 | |
| Tree of Life | 11 | |
| Hunter's Hall | 1 | |
| Tree of Eternity | 1 | |
| Ancient of Wind | 3 | |
| Chimaera Roost | 4 | |
| Ancient of Wonders | 1 | |
33 total
» build order
00:04 Altar of Elders
00:10 Moon Well
01:07 Moon Well
01:32 Moon Well
02:36 Moon Well
02:57 Tree of Ages
02:57 Tree of Ages
03:24 Tree of Life
03:33 Hunter's Hall
03:52 Moon Well
05:16 Tree of Life
05:22 Tree of Eternity
06:31 Ancient of Wind
07:32 Moon Well
07:53 Chimaera Roost
07:55 Chimaera Roost
07:58 Chimaera Roost
08:00 Chimaera Roost
08:33 Moon Well
09:36 Moon Well
10:05 Tree of Life
10:25 Ancient of Wonders
14:50 Tree of Life
16:39 Tree of Life
20:16 Tree of Life
22:15 Tree of Life
24:38 Tree of Life
24:56 Tree of Life
25:48 Tree of Life
31:44 Ancient of Wind
31:46 Ancient of Wind
32:26 Tree of Life
» items
| Potion of Lesser Invulnerability | 2 | |
| Scroll of Town Portal | 4 | |
6 total
Chat log
(00:18 / Allies) NickyV: yo
(00:21 / Allies) Randomizedfool: cc
(00:24 / Allies) Randomizedfool: expo eraly
(00:47 / All) verizon-sux.: hola my fellow mexicans
(01:03 / All) verizon-sux.: the day is sunny and bright
(01:08 / All) verizon-sux.: just like ur future
(01:08 / All) a65768764354357: hi punta
(01:29 / All) PinkCigarette: today was rainy
(03:16 / Allies) Randomizedfool: techin
(11:52 / All) GLenchErviN: gj bro
(12:00 / Allies) NickyV: teal lelts go fuck shit up
(14:21 / Allies) GLenchErviN: wood please
(15:43 / Allies) GLenchErviN: DUDE
(15:43 / Allies) GLenchErviN: PINK
(15:45 / Allies) GLenchErviN: 9k OGLD
(15:46 / Allies) GLenchErviN: WTF
(15:55 / Allies) PinkCigarette: Let me play the game bro worry about your own game
(16:05 / Allies) GLenchErviN: this is my game you retard
(16:18 / Allies) NickyV: teal
(16:35 / Allies) NickyV: i need tp
(18:34 / All) PinkCigarette: This map is a lot of hard work
(21:44 / Allies) PinkCigarette: wood?
(22:13 / All) AnsO: LAWL GREEEN
(22:26 / All) AnsO: OJ AND GREEN R FUCKING NOOB
(22:30 / All) AnsO: RED TOO
(22:37 / All) a65768764354357: nope, you are the noob lol
(25:01 / Allies) GLenchErviN: pink
(25:02 / Allies) GLenchErviN: gold
(25:03 / Allies) GLenchErviN: please
(25:06 / Allies) PinkCigarette: wood please
(25:07 / Allies) NickyV: can i get some gold pink
(25:12 / Allies) PinkCigarette: me need wood
(25:19 / Allies) NickyV: u have 3k wood ha
(25:24 / Allies) PinkCigarette: about to pump griffs
(25:37 / Allies) Randomizedfool: hes massing towers
(25:41 / Allies) Randomizedfool: we need a few clouds
(25:42 / Allies) GLenchErviN: get cloud
(27:26 / Allies) GLenchErviN: gold please
(27:31 / Allies) PinkCigarette: attack
(29:08 / All) PinkCigarette: CHARGE THE ENEMY
(29:11 / All) verizon-sux.: hit me niggas
(29:43 / Allies) NickyV: yay pink to the rescue
(29:53 / Allies) NickyV: pink
(29:53 / Allies) NickyV: wtf
(30:45 / Allies) NickyV: teal help
(30:50 / Allies) NickyV: pink is killing me like a nigger
(30:51 / Allies) GLenchErviN: pink
(30:52 / Allies) GLenchErviN: why
(31:31 / All) PinkCigarette: Attack their expansions
(32:22 / Allies) GLenchErviN: pink
(32:24 / Allies) GLenchErviN: wtf you doing
(32:25 / Allies) GLenchErviN: faggot
(34:05 / All) verizon-sux.: standofff?
(34:12 / All) GLenchErviN: tker
(34:14 / All) GLenchErviN: you nigger
(36:02 / All) PinkCigarette: Tell 'em the rules
(36:17 / All) GLenchErviN: you're a nigger?
(36:57 / All) verizon-sux.: okay listen up purple and orange
(37:05 / All) verizon-sux.: me and pink are friends, u have been hoaxed
(37:16 / All) verizon-sux.: we are going to make this game a mexican standoff
(37:20 / All) GLenchErviN: didnt guess that
(37:32 / All) verizon-sux.: me and pink will kill all our units, and leave one building on each side
(37:34 / All) verizon-sux.: then leave game
(37:39 / All) verizon-sux.: so its orange vs purple
(37:42 / All) verizon-sux.: best internet connection wins
(37:51 / All) verizon-sux.: that fair?
(38:05 / All) GLenchErviN: oh so you're a nigger
(38:26 / All) verizon-sux.: me and pink are giving you equal opportunities to win, purple
(38:28 / All) verizon-sux.: we are generous people
(39:27 / All) GLenchErviN: k you're a nigger
(39:41 / All) verizon-sux.: ok oragne
(39:50 / All) verizon-sux.: im going to finish your units off, pink did the same to purple
(40:46 / All) verizon-sux.: a corpse
(40:58 / All) verizon-sux.: check yellows wells does he have any food
(41:08 / All) PinkCigarette: don't need to check wells
(41:13 / All) PinkCigarette: have a drop down screen
(41:18 / All) verizon-sux.: duh
(41:54 / All) verizon-sux.: orange said he is going to stay no matter what
(41:59 / All) verizon-sux.: he is a trooper
(42:07 / All) verizon-sux.: i bet purple will be a little clown and leave after we do
(42:22 / All) PinkCigarette: Why the hell do units randomly stop
(42:32 / All) PinkCigarette: groups of units there will be a few that randomly stop
(42:51 / All) verizon-sux.: leave some of ur towers
(43:03 / All) PinkCigarette: My side is done
(43:37 / All) a65768764354357: lol, this is funny
(43:51 / All) verizon-sux.: make us proud
(43:52 / All) verizon-sux.: orange
(43:53 / All) verizon-sux.: and purple
(43:58 / All) verizon-sux.: i want to see this game be a 20 hour long game
(44:03 / All) PinkCigarette: Good luck, gentlemen